 Dungeon Sprint DCSS version 0.31-a0-868-g674d60d6f7 (webtiles) character file.

Game seed: 7240470252159755252

1320 rocky1 the Carver (level 8, -3/59 HPs)
             Began as a Djinni Gladiator on Oct 12, 2023.
             Was an Initiate of Gozag.
             Shot with a bolt by a yaktaur captain (36 damage)
             ... in the Dungeon (Sprint II: "The Violet Keep of Menkaure").
             The game lasted 00:04:09 (668 turns).

rocky1 the Carver (Djinni Gladiator)                 Turns: 668, Time: 00:04:09

Health: -3/59      AC:  4    Str: 13    XL:     8   Next: 90%
Gold:   1062       EV: 16    Int: 11    God:    Gozag SH:  0 Dex: 16

rFire   + + .        g - +5 rapier of Mens Rea {flame, Fly rCorr SInv Stlth+}
rCold   x . .        (no shield)
rNeg    . . .        b - +0 leather armour
rPois   ∞            c - +0 helmet
rElec   .            (no cloak)
rCorr   +            (no gloves)
SInv    +            (boots unavailable)
Will    .....        (no amulet)
Stlth   +++          (no ring)
HPRegen 0.29/turn    (no ring)
MPRegen 0.00/turn

%: no teleportation, infuse magic (-4 HP)
@: flying
A: sickness immunity, fire resistance 2, cold vulnerability 1, float, innate
caster, HP casting, extra vitality 1
a: Renounce Religion, Potion Petition, Call Merchant, Bribe Branch


You were in the Dungeon.
You worshipped Gozag.
Gozag was most pleased with you.
You visited 1 branch You collected 1062 gold pieces.

Inventory:

Hand Weapons
 a - a +0 long sword
 g - the +5 rapier of Mens Rea (weapon) {flame, Fly rCorr SInv Stlth+}
   (You found it in the Dungeon)

   SInv:      It lets you see invisible.
   Fly:       It grants you flight.
   rCorr:     It protects you from acid and corrosion.
   Stlth+:    It makes you more stealthy.
Missiles
 d - a throwing net (quivered)
 e - a javelin
Armour
 b - a +0 leather armour (worn)
 c - a +0 helmet (worn)
Scrolls
 j - a scroll of blinking
Potions
 f - a potion of curing


   Skills:
 + Level 5.2 Fighting
 * Level 6.2(9.5) Short Blades
 * Level 11.2(11.8) Long Blades
 - Level 1.8 Throwing
 + Level 5.1 Armour
 + Level 8.6 Dodging
 * Level 4.0 Stealth
 * Level 3.8 Spellcasting
 * Level 3.8 Conjurations
 * Level 3.8 Hexes
 * Level 3.8 Summonings
 * Level 3.8 Necromancy
 * Level 3.8 Translocations
 * Level 3.8 Transmutations
 * Level 3.8 Fire Magic
 * Level 3.8 Ice Magic
 * Level 3.8 Air Magic
 * Level 3.8 Earth Magic
 * Level 3.8 Poison Magic


You knew the following spells:

 Your Spells              Type           Power      Damage    Failure   Level
a - Freeze                Ice            40%        1d6       6%          1
b - Lesser Beckoning      Tloc           20%        N/A       10%         2
c - Summon Guardian Gole  Hex/Summ       10%        N/A       19%         3
Your spell library was empty.

Dungeon Overview and Level Annotations

Branches:
Dungeon (1/1)

Altars:
Cheibriados
Dithmenos
Elyvilon
Fedhas
Gozag
Hepliaklqana
Makhleb
Nemelex Xobeh
Okawaru
Qazlal
Ru
Trog
Uskayaw
Wu Jian
Xom
Yredelemnul
Zin
The Shining One
Jiyva
Lugonu

Annotations:
D Kirke, Roxanne


Innate Abilities, Weirdness & Mutations

You are immune to sickness and miasma.
You are immune to poison.
Your flesh is very heat resistant. (rF++)
You are vulnerable to cold. (rC-)
You float through the air rather than walking.
You learn spells naturally, not from books.
Your magical power is your life essence.
You have superior vitality. (+4 MHP)


Message History

You now have 774 gold pieces (gained 81).
There is an open door here.
You now have enough gold to fund merchants seeking to open stores in the dungeon.
You now have 1017 gold pieces (gained 243).
Unknown command.
You reach down and open the door.
There is an open door here.
A water moccasin comes into view.
The water moccasin hisses angrily.
You barely miss the water moccasin. The water moccasin barely misses you.
You hit the water moccasin. You burn the water moccasin.
The water moccasin is moderately wounded.
The water moccasin closely misses you.
You barely miss the water moccasin. You punch the water moccasin.
The water moccasin is heavily wounded.
The water moccasin bites you.
You puncture the water moccasin! You burn the water moccasin.
The water moccasin is almost dead.
The water moccasin bites you.
You puncture the water moccasin! You burn the water moccasin.
You kill the water moccasin!
Your base Short Blades skill increases to level 6!
Your Stealth skill increases to level 4!
You now have 1062 gold pieces (gained 45).
Kirke, a kobold demonologist and a yaktaur captain come into view.
The yaktaur captain wields a +0 arbalest of flaming.
It bursts into flame!
The yaktaur captain shoots a bolt.
The bolt hits you!! The bolt burns you.
You hear a shout!
There is an open door here.
You reach down and close the door.
Okay, then.
Cast which spell? (? or * to list)
Okay, then.
There is an open door here.
There is an open door here.
The yaktaur captain shoots a bolt.
The bolt hits you!!!
Ouch! That really hurt!
You die...
Your body crumbles into a pile of gold.

.#~~~~###.### # .###
.#~~~~#.c#..# ^..#
.#~~# ##.#.####.. #..#
.#~##. ##'###.##..#
+^^#
.#~#...##.##...#..#
#..# .+ #+.<.'#
+..####^.## #
#.B$##.##...#....###.hh
#~##. ##'#
#.##......~~~~ ~~#
##.@#####~~.....~#'# ~~
#..##.#~~~~~~~..§#..
#~##.#.##~§~~~~~~.§#_.
#~~##+##~~~§§≈~~~~§#._
#~~~~~~~~~~≈≈≈≈§§~#_.
#+++#+++#~≈§≈≈≈§§~#._


zzzzz ##≈§≈###§§#_. .≈zzzz≈≈≈##≈§#.#≈≈#._ +≈○○§§≈..≈.≈+§§#'#≈≈#.. You could see
a yaktaur captain.

Vanquished Creatures
  A boulder beetle (D)
  Menkaure (D)
  2 water moccasins (D)
  4 necrophages (D)
  4 scorpions (D)
  3 worms (D)
15 creatures vanquished.

Notes
Turn   | Place    | Note
-------+----------+-------------------------------------------
     0 | D        | rocky1 the Djinni Gladiator began the quest for the Orb.
     0 | D        | Reached XP level 1. HP: 18/18 MP: 0/0
    11 | D        | Reached skill level 3 in Long Blades
    15 | D        | Reached XP level 2. HP: 16/23 MP: 0/0
    47 | D        | Noticed a flying skull
    47 | D        | Noticed a flying skull
    47 | D        | Noticed a flying skull
    47 | D        | Noticed a flying skull
    47 | D        | Noticed a flying skull
    47 | D        | Noticed a flying skull
    47 | D        | Noticed a flying skull
    47 | D        | Noticed a flying skull
    48 | D        | Noticed a flying skull
    48 | D        | Noticed a flying skull
    49 | D        | Noticed a flying skull
    49 | D        | Noticed a flying skull
    49 | D        | Noticed Menkaure
    70 | D        | Killed Menkaure
    71 | D        | Reached skill level 5 in Long Blades
    71 | D        | Reached skill level 1 in Armour
    71 | D        | Reached skill level 5 in Dodging
    71 | D        | Reached XP level 3. HP: 8/30 MP: 0/0
    71 | D        | Learned a level 1 spell: Freeze
    71 | D        | Reached XP level 4. HP: 9/35 MP: 0/0
    78 | D        | Found an ornate altar of the Wu Jian Council.
    78 | D        | Found a glowing golden altar of the Shining One.
    78 | D        | Found a stormy altar of Qazlal.
    79 | D        | Found a shimmering altar of Xom.
    79 | D        | Found a sacrificial altar of Ru.
    79 | D        | Found a hazy altar of Hepliaklqana.
    80 | D        | Found a basalt altar of Yredelemnul.
    80 | D        | Found a viscous altar of Jiyva.
    81 | D        | Found a bloodstained altar of Trog.
    81 | D        | Found a glowing silver altar of Zin.
    81 | D        | Found a snail-covered altar of Cheibriados.
    82 | D        | Found a hide-covered altar of Uskayaw.
    82 | D        | Found a corrupted altar of Lugonu.
    82 | D        | Found a shadowy altar of Dithmenos.
    83 | D        | Found a burning altar of Makhleb.
    83 | D        | Found a white marble altar of Elyvilon.
    84 | D        | Found a sparkling altar of Nemelex Xobeh.
    84 | D        | Found a blossoming altar of Fedhas.
    84 | D        | Noticed a water moccasin
    86 | D        | Found an iron altar of Okawaru.
    86 | D        | Found an opulent altar of Gozag.
    98 | D        | Killed a water moccasin
    99 | D        | Reached skill level 7 in Long Blades
    99 | D        | Reached skill level 1 in Stealth
    99 | D        | Reached XP level 5. HP: 28/41 MP: 0/0
    99 | D        | Learned a level 2 spell: Lesser Beckoning
   101 | D        | Noticed a water moccasin
   101 | D        | Noticed a water moccasin
   105 | D        | Noticed a flying skull
   105 | D        | Noticed a flying skull
   106 | D        | Became a worshipper of Gozag Ym Sagoz the Greedy
   113 | D        | Noticed a yaktaur
   113 | D        | Noticed a hornet
   113 | D        | Noticed a polar bear
   113 | D        | Noticed a polar bear
   114 | D        | Noticed a polar bear
   121 | D        | HP: 1/41 [yaktaur/bolt (12)]
   126 | D        | Noticed Roxanne
   133 | D        | Identified the +5 rapier of Mens Rea {flame, Fly rCorr SInv
                  | Stlth+}
   332 | D        | Reached skill level 8 in Long Blades
   332 | D        | Reached skill level 1 in Spellcasting
   332 | D        | Reached skill level 1 in Conjurations
   332 | D        | Reached skill level 1 in Hexes
   332 | D        | Reached skill level 1 in Summonings
   332 | D        | Reached skill level 1 in Necromancy
   332 | D        | Reached skill level 1 in Translocations
   332 | D        | Reached skill level 1 in Transmutations
   332 | D        | Reached skill level 1 in Fire Magic
   332 | D        | Reached skill level 1 in Ice Magic
   332 | D        | Reached skill level 1 in Air Magic
   332 | D        | Reached skill level 1 in Earth Magic
   332 | D        | Reached skill level 1 in Poison Magic
   332 | D        | Reached XP level 6. HP: 41/47 MP: 0/0
   339 | D        | Reached skill level 1 in Short Blades
   343 | D        | Reached skill level 9 in Long Blades
   352 | D        | Reached XP level 7. HP: 25/53 MP: 0/0
   352 | D        | Learned a level 3 spell: Summon Guardian Golem
   454 | D        | Noticed a boulder beetle
   454 | D        | Noticed a boulder beetle
   467 | D        | Killed a boulder beetle
   468 | D        | Reached skill level 5 in Fighting
   468 | D        | Reached skill level 5 in Short Blades
   468 | D        | Reached skill level 10 in Long Blades
   468 | D        | Reached XP level 8. HP: 20/59 MP: 0/0
   623 | D        | Reached skill level 11 in Long Blades
   628 | D        | Reached skill level 5 in Armour
   656 | D        | Noticed Kirke
   656 | D        | Noticed a kobold demonologist
   656 | D        | Noticed a yaktaur captain
   668 | D        | Shot with a bolt by a yaktaur captain

Illustrated notes

Levels and vault maps discovered:
D:        the_violet_keep_of_menkaure [sprint2_stairs_cluster_1,
          sprint2_shoproom, sprint2_temple, sprint2_basic_supplies,
          sprint2_obstacle_1, sprint2_obstacle_6, sprint2_obstacle_7,
          sprint2_obstacle_2, sprint2_obstacle_3, sprint2_timed_cluster_1,
          sprint2_smallroom_cluster_1, sprint2_smallroom_final_cluster_1,
          sprint2_transparent_cluster_1, sprint2_second_timed_cluster_1,
          sprint2_sniper_area_1, sprint2_heavy_combat_area_1,
          sprint2_mutation_trap_area_1, sprint2_forest_area_1,
          sprint2_light_combat_area_1, sprint2_behind_water_1,
          sprint2_near_end_vault_1]

Skill      XL: |  1  2  3  4  5  6  7  8 |
---------------+-------------------------+-----
Long Blades    | 3 5 7 8 9 10 11 | 11.2
Dodging        | 4 5 7 8 |  8.6
Fighting       | 3 4 5 |  5.2
Armour         | 1 2 3 4 5 |  5.1
Stealth        | 1 3 4 |  4.0
Spellcasting   | 1 2 3 |  3.8
Conjurations   | 1 2 3 |  3.8
Hexes          | 1 2 3 |  3.8
Summonings     | 1 2 3 |  3.8
Necromancy     | 1 2 3 |  3.8
Translocations | 1 2 3 |  3.8
Transmutations | 1 2 3 |  3.8
Fire Magic     | 1 2 3 |  3.8
Ice Magic      | 1 2 3 |  3.8
Air Magic      | 1 2 3 |  3.8
Earth Magic    | 1 2 3 |  3.8
Poison Magic   | 1 2 3 |  3.8
Short Blades   | 3 5 6 |  6.2
Throwing       | |  1.8

Action                     |  1- 3 |  4- 6 |  7- 9 || total
---------------------------+-------+-------+-------++-------
  Melee: Long sword        |    19 |    10 |       ||    29
         Rapier            |       |    28 |    39 ||    67
         Punch             |       |     1 |     1 ||     2
  Throw: Throwing net      |     2 |       |       ||     2
    Use: Potion            |       |     2 |     1 ||     3
   Stab: Held in net/web   |     2 |       |       ||     2
         Distracted        |       |       |     1 ||     1
 Armour: Leather armour    |     6 |    18 |    17 ||    41
  Dodge: Dodged            |     3 |    23 |    14 ||    40

Table legend: (Time is in decaauts)
 A = Elapsed time spent in this place.
 B = Non-inter-level travel time spent in this place.
 C = Inter-level travel time spent in this place.
 D = Time resting spent in this place.
 E = Time spent auto-exploring this place.
 F = Levels seen in this place.
 G = Mean time per level.
                   A        B        C        D        E       F      G
               +--------+--------+--------+--------+--------+-----+--------+
         Total |    660 |    660 |      0 |    411 |      0 |   1 |  660.0 |
       Dungeon |    660 |    660 |      0 |    411 |      0 |   1 |  660.0 |
               +--------+--------+--------+--------+--------+-----+--------+

Top non-repeatable levels by time:
       D: 660 daAuts
